 Dungeon Crawl Stone Soup version 0.27-a0-249-g74f53ef629 (webtiles) character file.

Game seed: 17393496527188164945

64 lunkers the Gusty (level 3, -6/26 HPs)
             Began as a Demigod Air Elementalist on Feb 3, 2021.
             Killed from afar by Sigmund (12 damage)
             ... with a magic dart
             ... on level 2 of the Dungeon.
             The game lasted 00:02:01 (1847 turns).

lunkers the Gusty (Demigod Air Elementalist)        Turns: 1847, Time: 00:02:02

Health: -6/26      AC:  2    Str:  7    XL:     3   Next: 64%
Magic:  0/9        EV: 12    Int: 21    God:
Gold:   88         SH:  0    Dex: 16    Spells: 6/7 levels left

rFire    . . .     SeeInvis .   h - +1 short sword (elec)
rCold    . . .     Faith    .   (no shield)
rNeg     . . .     Spirit   .   a - +0 robe
rPois    .         Reflect  .   (no helmet)
rElec    .         Harm     .   (no cloak)
rCorr    .         Rampage  .   (no gloves)
Will     .....                  (no boots)
Stlth    ++........             (no amulet)
HPRegen  0.08/turn              e - -4 ring of strength (curse)
MPRegen  0.11/turn              (no ring)

@: very slightly contaminated
A: high mp 1
a: no special abilities


You were on level 2 of the Dungeon.
You visited 1 branch of the dungeon, and saw 2 of its levels.

You collected 88 gold pieces.

Inventory:

Hand Weapons
 h - a +1 short sword of electrocution (weapon)
Armour
 a - a +0 robe (worn)
Jewellery
 e - a cursed -4 ring of strength (left hand)
 k - an uncursed ring of protection from cold
Scrolls
 b - a scroll of remove curse {unknown}
 f - a scroll of identify {unknown}
 j - a scroll of teleportation {unknown}
Potions
 c - a potion of berserk rage {unknown}
 d - 2 potions of brilliance {unknown}
 g - 2 potions of flight {unknown}
 i - a potion of curing {unknown}
 l - a potion of might {unknown}


   Skills:
 - Level 1.7 Dodging
 - Level 1.7 Stealth
 + Level 2.5 Spellcasting
 - Level 0.8 Conjurations
 * Level 3.9 Air Magic


You had 6 spell levels left.
You knew the following spells:

 Your Spells              Type           Power        Failure   Level
a - Shock                 Conj/Air       48%          5%          1

Your spell library contained the following spells:

 Spells                   Type           Power        Failure   Level
 Swiftness                Air            19%          4%          2
 Static Discharge         Conj/Air       12%          16%         3
 Airstrike                Air            9%           26%         4
 Lightning Bolt           Conj/Air       6%           82%         5


Dungeon Overview and Level Annotations

Branches:
Dungeon (2/15)

Annotations:
D:2 Sigmund


Innate Abilities, Weirdness & Mutations

You have an increased reservoir of magic. (+10% MP)


Message History

The zap hits Sigmund.
Sigmund is heavily wounded.
The zap hits Sigmund.
Sigmund is severely wounded.
* * * LOW MAGIC WARNING * * *
Sigmund closely misses you.
Unknown command.
Casting: Shock (safe; 5% risk of failure)
Confirm with . or Enter, or press ? or * to list all spells.
Aiming: Shock (safe; 5% risk of failure)
Press: ? - help, Shift-Dir - straight line The zap hits Sigmund.
Sigmund is almost dead.
The zap misses Sigmund.
* * * LOW MAGIC WARNING * * *
Unknown command.
Sigmund screams, "I am the angel of ZOT!!!"
Sigmund gestures at you while chanting. The magic dart hits you!
You die...

#.♣♣♣♣♣♣.≈♣♣♣♣♣
#.♣..≈P≈.≈≈≈♣♣P##
#...≈..≈≈.≈)≈≈..# ###
##♣♣.P≈≈.≈P♣≈PP.####
...##
♣♣♣♣.≈♣♣♣♣♣♣...@#......
♣♣≈P♣ #@##..†.....
♣♣≈♣♣####.####...†..
♣.≈P♣♣.##.# .###.#
♣♣.♣♣.#.@.# #
#.....#### #####.# #.#
#.# #.# ... ... ...


You could see Sigmund.

Vanquished Creatures
  2 adders (D:2)
  An ooze (D:1)
  2 dart slugs
  2 ball pythons (D:1)
  A giant cockroach (D:1)
  5 hobgoblins
  A jackal (D:2)
  4 bats (D:1)
  4 frilled lizards (D:2)
  7 goblins
  4 kobolds
  7 rats
40 creatures vanquished.

Vanquished Creatures (others)
  7 plants (D:2)
7 creatures vanquished.

Grand Total: 47 creatures vanquished

Notes
Turn   | Place    | Note
-------+----------+-------------------------------------------
     0 | D:1      | lunkers the Demigod Air Elementalist began the quest for
                  | the Orb.
     0 | D:1      | Reached XP level 1. HP: 14/14 MP: 5/5
   229 | D:1      | Reached skill level 3 in Air Magic
   321 | D:1      | Reached XP level 2. HP: 20/20 MP: 1/7
  1180 | D:2      | Reached XP level 3. HP: 13/26 MP: 0/9
  1830 | D:2      | Noticed Sigmund
  1847 | D:2      | Killed from afar by Sigmund

Illustrated notes

Levels and vault maps discovered:
D:1:      minmay_arrival_semitransparent, layout_basic, corexii_hall_statues_t
D:2:      minmay_recursive_quarters, layout_loops_ring,
          overflow_temple_1_default, overflow_temple_1_default, serial_bayou,
          serial_bayou_lagoon_b, serial_bayou_pond_e, serial_bayou_crossing,
          serial_bayou_ford_a, serial_bayou_pond_a, uniq_sigmund

Skill      XL: |  1 |
---------------+----+-----
Spellcasting   | 2 |  2.5
Air Magic      | 3 |  3.9
Dodging        | |  1.7
Stealth        | |  1.7
Conjurations   | |  0.8

Action                   || total
-------------------------++-------
Melee: Unarmed           ||     4
 Cast: Shock             ||    93
Armor: Robe              ||     3
Dodge: Dodged            ||     6

Table legend: (Time is in decaauts)
 A = Elapsed time spent in this place.
 B = Non-inter-level travel time spent in this place.
 C = Inter-level travel time spent in this place.
 D = Time resting spent in this place.
 E = Time spent auto-exploring this place.
 F = Levels seen in this place.
 G = Mean time per level.
                   A        B        C        D        E       F      G
               +--------+--------+--------+--------+--------+-----+--------+
         Total |   1865 |   1841 |     24 |     99 |   1538 |   2 |  932.5 |
       Dungeon |   1865 |   1841 |     24 |     99 |   1538 |   2 |  932.5 |
               +--------+--------+--------+--------+--------+-----+--------+

Top non-repeatable levels by time:
     D:1: 1036 daAuts
     D:2: 829 daAuts
